 Dungeon Crawl Stone Soup version 0.31-a0-210-gccc998df9b (webtiles) character file.

Game seed: 1096811355215273110

305 qw the Shooter (level 6, -4/51 HPs)
             Began as a Minotaur Hexslinger on June 29, 2023.
             Slain by an orc wizard
             ... wielding a +1 dagger of electrocution
              (16 damage)
             ... on level 4 of the Dungeon.
             The game lasted 00:01:05 (2994 turns).

qw the Shooter (Minotaur Hexslinger)                Turns: 2994, Time: 00:01:06

Health: -4/51      AC:  5    Str: 13    XL:     6   Next: 16%
Magic:  6/6        EV: 11    Int: 10    God:
Gold:   147        SH:  0    Dex: 14    Spells: 6/7 levels left

rFire   . . .        Y - +2 sling
rCold   . . .        (no shield)
rNeg    . . .        a - +0 ring mail
rPois   .            (helmet restricted)
rElec   .            (no cloak)
rCorr   .            (no gloves)
SInv    .            (no boots)
Will    +....        h - amulet of regeneration
Stlth   +            g - ring of willpower
HPRegen 1.08/turn    (no ring)
MPRegen 0.10/turn

%: no passive effects
@: lethally poisoned (-4 -> -12)
A: horns 2, retaliatory headbutt
a: no special abilities


You were on level 4 of the Dungeon.
You visited 1 branch of the dungeon, and saw 4 of its levels.

You collected 147 gold pieces.


Innate Abilities, Weirdness & Mutations

You have a pair of horns on your head.
You reflexively headbutt those who attack you in melee.


   Skills:
 + Level 3.1 Fighting
 - Level 6.3 Ranged Weapons
 - Level 1.7 Armour
 - Level 2.1 Dodging
 - Level 1.0 Spellcasting
 - Level 2.0 Hexes


You had 6 spell levels left.
You knew the following spells:

 Your Spells              Type           Power      Damage    Failure   Level
a - Slow                  Hex            16%        N/A       32%         1

Your spell library contained the following spells:

 Spells                   Type           Power      Damage    Failure   Level
 Inner Flame              Hex/Fire       2%         N/A       82%         3
 Portal Projectile        Hex/Tloc       4%         N/A       82%         3
 Cause Fear               Hex            2%         N/A       97%         4

Inventory:

Hand Weapons
 Y - a +2 sling (weapon)
Armour
 a - a +0 ring mail (worn)
Jewellery
 g - a ring of willpower (left hand)
 h - an amulet of regeneration (around neck)
Scrolls
 b - a scroll of torment {unknown}
 c - a scroll of identify {unknown}
Potions
 d - a potion of cancellation {unknown}
 e - a potion of haste
 i - a potion of curing {unknown}
 k - a potion of might {unknown}

Dungeon Overview and Level Annotations

Branches:
Dungeon (4/15)
 Temple: D:4-7

Altars:
Vehumet
Yredelemnul


Message History

You shoot a sling bullet. The sling bullet hits the orc.
The orc is severely wounded.
Something hits you but does no damage.
You shoot a sling bullet.
The sling bullet closely misses the orc.
Something hits you but does no damage.
You shoot a sling bullet. The sling bullet hits the orc.
The orc is moderately wounded.
The orc hits you with a +0 dagger.
The orc hits you from afar with a +0 trident.
You shoot a sling bullet. The sling bullet hits the orc!
You kill the orc!
The orc hits you from afar with a +0 trident.
You shoot a sling bullet.
The sling bullet closely misses the quokka.
The orc hits you with a +2 whip of venom.
You are poisoned.
The orc hits you from afar with a +0 trident.
The quokka closely misses you. You furiously retaliate!
You headbutt the quokka!
You kill the quokka!
The orc hits you with a +2 whip of venom.
You are more poisoned.
Something barely misses you. The orc barely misses you.
You shoot a sling bullet.
The sling bullet closely misses the orc.
You feel extremely sick. The orc hits you but does no damage.
You are more poisoned.
The orc barely misses you. Something hits you but does no damage.
You shoot a sling bullet. The sling bullet hits the orc.
The orc is heavily wounded.
You feel extremely sick. Something hits you but does no damage.
The orc barely misses you. The orc misses you.
You shoot a sling bullet. The sling bullet hits the orc!
You kill the orc!
You feel very sick.
The orc hits you from afar with a +0 trident!
Something hits you but does no damage.
You are electrocuted!
You die...

... ..... ...#...
#..#... . #..#... ..
.....## #. #o...##
#..#.))%.# ##
#....@.# .##
###.....####..##
#......<..#....#
...............####
..................##
.............##....#
......$###..##...#
......# ##......#
).....######...###.


You could see an orc.

Vanquished Creatures
  A black bear (D:4)
  Natasha (twice) (D:2)
  3 adders
  7 gnolls
  A worm (D:2)
  5 dart slugs
  3 orcs
  5 endoplasms
  2 giant cockroaches
  5 goblins
  4 hobgoblins
  3 quokkas
  7 ball pythons
  3 bats
  2 frilled lizards (D:1)
  2 kobolds (D:1)
  6 rats
61 creatures vanquished.

Notes
Turn   | Place    | Note
-------+----------+-------------------------------------------
     0 | D:1      | qw the Minotaur Hexslinger began the quest for the Orb.
     0 | D:1      | Reached XP level 1. HP: 16/16 MP: 1/1
     0 | D:1      | 0 ||| qw: Version: 0.3-a-24-ga2abf7b
     0 | D:1      | 0 ||| qw: Game counter: 6824
     0 | D:1      | 0 ||| qw: Melee chars always use a shield: true
     0 | D:1      | 0 ||| qw: God list: Okawaru
     0 | D:1      | 0 ||| qw: Allow faded altars: false
     0 | D:1      | 0 ||| qw: Do Orc after clearing Dungeon:15 true
     0 | D:1      | 0 ||| qw: Do second Lair branch before Depths: true
     0 | D:1      | 0 ||| qw: Lair rune preference: random
     0 | D:1      | 0 ||| qw: Goals: Normal
     0 | D:1      | 0 ||| PLANNING D:1-11
   231 | D:1      | Reached skill level 3 in Ranged Weapons
   231 | D:1      | Reached XP level 2. HP: 23/23 MP: 2/2
   714 | D:1      | Reached XP level 3. HP: 29/29 MP: 3/3
   934 | D:1      | 934 ||| UPGRADING to amulet of regeneration.
   939 | D:1      | 939 ||| READING scroll labelled NIW LEIGEIPO.
   940 | D:1      | 940 ||| READING scroll labelled YSOQATZ HIHU.
   941 | D:1      | 941 ||| READING 4 scrolls labelled HASIOL UPSEILO.
   942 | D:1      | 942 ||| DRINKING 2 white potions.
   943 | D:1      | 943 ||| DROPPING scroll of poison.
   944 | D:1      | 944 ||| DROPPING 3 scrolls of amnesia.
   983 | D:2      | Found a faded altar of an unknown god.
  1087 | D:2      | Noticed Natasha
  1089 | D:2      | 1089 ||| FLEEEEING.
  1090 | D:2      | 1090 ||| FLEEEEING.
  1091 | D:2      | 1091 ||| FLEEEEING.
  1092 | D:2      | 1092 ||| FLEEEEING.
  1102 | D:2      | HP: 6/29 [Natasha (5)]
  1103 | D:2      | Killed Natasha
  1104 | D:2      | Reached skill level 4 in Ranged Weapons
  1226 | D:2      | Reached XP level 4. HP: 28/36 MP: 4/4
  1638 | D:2      | 1638 ||| UPGRADING to +0 ring mail.
  1648 | D:2      | 1648 ||| DROPPING +0 robe.
  1649 | D:2      | 1649 ||| UPGRADING to ring of willpower.
  1650 | D:2      | 1650 ||| READING scroll labelled ROURYTS FYGRULL.
  1651 | D:2      | 1651 ||| READING scroll labelled YLLIWA ONYOSH.
  1734 | D:2      | Noticed Natasha
  1745 | D:2      | Killed Natasha
  1746 | D:2      | Reached skill level 1 in Armour
  1749 | D:2      | 1749 ||| READING scroll labelled PIMMERCH ONUID.
  1750 | D:2      | 1750 ||| READING scroll labelled NEUXZI HOICLUM.
  1753 | D:2      | 1753 ||| DRINKING 3 glowing ruby potions.
  2102 | D:3      | Reached skill level 5 in Ranged Weapons
  2156 | D:3      | HP: 8/36 [gnoll/+0 spear (6)]
  2157 | D:3      | 2157 ||| DRINKING 2 potions of heal wounds.
  2160 | D:3      | Reached XP level 5. HP: 17/42 MP: 5/5
  2165 | D:3      | HP: 10/44 [gnoll/+0 spear (3)]
  2166 | D:3      | 2166 ||| DRINKING potion of heal wounds.
  2170 | D:3      | Reached skill level 3 in Fighting
  2193 | D:3      | Found a basalt altar of Yredelemnul.
  2194 | D:3      | Found a radiant altar of Vehumet.
  2695 | D:3      | 2695 ||| DRINKING 2 emerald potions.
  2696 | D:3      | 2696 ||| DROPPING potion of invisibility.
  2755 | D:4      | 2755 ||| STAIRDANCE
  2755 | D:4      | HP: 10/45 [gnoll/+0 spear[a gnoll bouda] (2)]
  2757 | D:3      | 2757 ||| READING scroll of teleportation.
  2757 | D:3      | HP: 3/45 [gnoll bouda/+0 whip (3)]
  2825 | D:4      | 2825 ||| STAIRDANCE
  2837 | D:4      | 2837 ||| STAIRDANCE
  2877 | D:4      | 2877 ||| STAIRDANCE
  2926 | D:4      | Noticed a black bear
  2943 | D:4      | Killed a black bear
  2944 | D:4      | Reached skill level 6 in Ranged Weapons
  2944 | D:4      | Reached XP level 6. HP: 49/51 MP: 6/6
  2994 | D:4      | HP: 12/51 [orc/+0 trident (8)]
  2994 | D:4      | Slain by an orc wizard

Levels and vault maps discovered:
D:1:      scummos_arrival_simple_crosswalls, layout_basic,
          corexii_hall_statues_x, patterned_corridor
D:2:      layout_basic, basic_ecumenical_altar, feat_on_display, uniq_natasha
D:3:      layout_loops_corners, grunt_temple_overflow_open, minivault_25,
          grunt_ministairs_15, eino_tiny_chamber, corexii_shack
D:4:      layout_cave_pools, kennysheep_okawaru_gauntlet

Skill      XL: |  1  2  3  4  5 |
---------------+----------------+-----
Ranged Weapons | 3 4 5 6 |  6.3
Fighting       | 2 3 |  3.1
Armour         | 1 |  1.7
Dodging        | |  2.1
Spellcasting   | |  1.0
Hexes          | |  2.0

Action                     |  1- 3 |  4- 6 || total
---------------------------+-------+-------++-------
   Fire: Sling             |    85 |   136 ||   221
    Use: Scroll            |     3 |     5 ||     8
         Potion            |     1 |     4 ||     5
 Armour: Robe              |     3 |       ||     3
         Ring mail         |       |    24 ||    24
  Dodge: Dodged            |    23 |    59 ||    82

Table legend:
 A = Non-vault XP
 B = Vault XP
 C = Vault XP percentage of total XP
 D = Non-vault monster count
 E = Vault monster count
 F = Vault count percentage of total count
                 A         B        C        D         E       F
            +---------+---------+-------+---------+---------+-------
      Total |     387 |      53 |  12.0 |      57 |       4 |   6.6
            +---------+---------+-------+---------+---------+-------
        D:1 |      47 |       0 |   0.0 |      25 |       0 |   0.0
        D:2 |      62 |      37 |  37.4 |       7 |       1 |  12.5
        D:3 |     104 |      16 |  13.3 |      16 |       3 |  15.8
        D:4 |     174 |       0 |   0.0 |       9 |       0 |   0.0
            +---------+---------+-------+---------+---------+-------
